Map: Orbital Shipyard

Players

Grey - Winner!

  • Race: Terran Terran
  • League: Master

Miszu

  • Race: Terran Terran
  • League: Master

VOD

Have the link to the VOD?

Description

Time

  • Played on: March 7, 2016, 4:44 p.m.
  • Length: 11:53
Show
View Real Time Build Order
Export as new Build Order

Grey Terran - Winner!

Build Orders: MMM Bio 

Get SALT Encoding   

  12  0:01  SCV  
  13  0:13  SCV  
  14  0:18  Supply Depot  
  14  0:25  SCV  
  15  0:29  Refinery  
  15  0:40  SCV  
  16  0:46  Barracks  
  16  0:52  SCV  
  17  1:02  Barracks  
  17  1:06  SCV  
  18  1:13  Refinery  
  18  1:19  SCV  
  19  1:31  SCV  
  20  1:35  Reaper  
  21  1:44  Orbital Command  
  21  1:55  Supply Depot  
  21  1:56  Reaper  
  22  2:07  Reaper  
  23  2:17  SCV  
  23  2:19  Factory  
  24  2:29  Reaper, SCV  
  25  2:39  Reaper  
  25  2:41  SCV  
  27  2:53  SCV  
  27  2:54  Supply Depot  
  28  3:03  Starport  
  28  3:04  Factory Tech Lab  
  29  3:06  SCV  
  30  3:18  SCV  
  32  3:26  Command Center  
  30  3:30  SCV  
  30  3:32  Barracks Tech Lab x2  
  31  3:36  Barracks Reactor  
  31  3:40  Factory Tech Lab  
  31  3:42  SCV  
  35  3:56  SCV  
  35  3:58  Marine  
  37  4:03  Supply Depot  
  37  4:09  SCV  
  38  4:16  Medivac  
  37  4:18  Marine x2  
  37  4:19  Stimpack  
  39  4:24  Marine  
  39  4:25  Siege Tank, SCV  
  44  4:32  Engineering Bay  
  44  4:36  Marine  
  44  4:37  SCV  
  44  4:38  Orbital Command  
  46  4:46  Viking  
  46  4:49  Marine  
  46  4:50  SCV  
  50  4:55  Marine  
  51  5:02  SCV  
  51  5:04  SCV  
  56  5:07  Marine x2, Siege Tank  
  58  5:15  Supply Depot, SCV  
  58  5:17  Medivac  
  58  5:18  SCV  
  62  5:32  Barracks  
  62  5:34  Terran Infantry Weapons Level 1  
  62  5:35  Barracks  
  62  5:36  SCV  
  62  5:41  Supply Depot  
  63  5:46  SCV  
  63  5:49  Marine x2  
  66  5:50  Viking  
  66  5:51  SCV  
  69  6:00  SCV  
  69  6:08  Marine x3  
  65  6:13  SCV  
  65  6:17  SCV  
  65  6:21  Barracks Reactor, Combat Shields  
  65  6:22  Barracks  
  65  6:25  SCV  
  66  6:26  Refinery x2, Barracks  
  66  6:29  Supply Depot, SCV  
  66  6:30  Medivac  
  66  6:31  Marine  
  70  6:34  Barracks Reactor  
  70  6:37  SCV  
  70  6:39  Marine x2  
  73  6:48  SCV  
  73  6:49  Supply Depot  
  74  6:54  Supply Depot  
  74  6:55  Marine  
  74  6:58  Siege Tank  
  74  6:59  Marine x2  
  74  7:01  Marine x2  
  81  7:07  Medivac  
  84  7:13  Marine x3  
  84  7:14  Barracks Reactor  
  87  7:15  Command Center  
  87  7:20  Marine x2  
  89  7:27  Marine  
  89  7:28  Marine  
  91  7:30  Terran Infantry Armor Level 1  
  91  7:32  SCV  
  91  7:33  Marine x2  
  94  7:39  Barracks  
  94  7:42  Barracks  
  92  7:45  Barracks  
  92  8:01  Marine x5  
  92  8:02  Marine  
  98  8:12  Marine x3  
  98  8:22  Marine  
  98  8:23  Marine x3  
  98  8:27  Marine x2, Siege Tank  
  102  8:30  Marine x3  
  102  8:32  Supply Depot, Barracks Reactor x2  
  102  8:33  Supply Depot  
  109  8:40  Marine x2  
  109  8:41  Marine x3  
  111  8:46  Marine x2  
  114  8:54  Marine x2  
  106  9:08  Marine x4  
  103  9:10  Orbital Command  
  103  9:11  Siege Tank  
  103  9:15  Engineering Bay  
  106  9:18  Armory  
  106  9:22  Marine x3  
  108  9:30  Marine x4  
  108  9:31  SCV  
  108  9:34  Marine  
  108  9:36  SCV  
  110  9:44  SCV  
  110  9:45  SCV  
  112  9:47  Barracks Reactor  
  112  9:54  Marine  
  112  9:55  Marine x3  
  116  10:03  Marine x5  
  116  10:05  Factory, Barracks Reactor  
  116  10:06  Marine x2  
  123  10:07  SCV x2  
  123  10:11  Refinery  
  125  10:16  Supply Depot  
  124  10:25  Marine x3  
  127  10:35  Marine x4  
  128  10:36  Marine  
  128  10:42  Supply Depot x2  
  132  10:44  Supply Depot, Marine x2  
  132  10:49  Marine x3  
  137  10:55  Marine  
  137  10:56  Marine x3  
  141  10:57  Marine  
  141  11:01  Supply Depot  
  141  11:08  Marine  
  141  11:09  Marine  
  141  11:10  Marine  
  141  11:16  Siege Tank  
  140  11:18  Marine  
Show
View Real Time Build Order
Export as new Build Order

Miszu Terran 

Build Orders: Bio Tank 

Get SALT Encoding   

  12  0:00  SCV  
  13  0:13  SCV  
  14  0:20  Supply Depot  
  14  0:25  SCV  
  15  0:42  SCV  
  16  0:44  Barracks  
  16  0:46  Refinery  
  16  0:54  SCV  
  17  1:06  SCV  
  18  1:19  SCV  
  19  1:31  Orbital Command  
  19  1:32  Barracks Reactor  
  19  1:44  Command Center  
  19  1:57  Supply Depot, SCV  
  20  2:07  Bunker  
  20  2:12  SCV  
  20  2:15  Marine x2  
  21  2:22  Bunker  
  23  2:24  SCV  
  23  2:33  Marine x2  
  23  2:36  SCV  
  26  2:48  Factory, SCV  
  26  2:49  Refinery  
  27  2:59  Marine x2  
  27  3:00  SCV  
  27  3:04  Orbital Command  
  30  3:13  SCV  
  30  3:17  Marine  
  32  3:25  SCV  
  33  3:31  SCV  
  33  3:33  Starport, Factory Tech Lab  
  34  3:37  SCV  
  34  3:39  Supply Depot  
  35  3:42  Marine  
  35  3:43  SCV  
  35  3:45  Marine  
  38  3:49  SCV  
  38  3:55  SCV  
  43  4:01  Supply Depot, SCV  
  44  4:07  SCV  
  45  4:10  Engineering Bay, Cyclone  
  45  4:11  Viking  
  45  4:13  SCV  
  48  4:19  SCV  
  48  4:23  Supply Depot  
  49  4:28  SCV  
  50  4:37  Command Center, Missile Turret  
  51  4:38  SCV  
  51  4:43  Missile Turret  
  51  4:50  Siege Tank  
  55  4:52  SCV  
  55  4:55  SCV  
  56  5:02  Barracks Tech Lab  
  56  5:05  Barracks  
  56  5:07  Barracks  
  56  5:09  SCV x2  
  56  5:13  Starport Reactor  
  58  5:18  Refinery x2  
  58  5:21  SCV x2  
  59  5:22  Marine  
  59  5:24  Stimpack  
  61  5:33  Supply Depot, SCV x2  
  61  5:35  Supply Depot  
  63  5:45  SCV  
  63  5:47  Engineering Bay, Marine  
  64  5:50  Terran Infantry Armor Level 1  
  64  6:03  SCV  
  59  6:08  SCV  
  59  6:10  Marine x2  
  51  6:18  SCV  
  52  6:20  SCV  
  52  6:23  Marine, Orbital Command  
  52  6:24  Barracks Tech Lab  
  52  6:27  Marine  
  52  6:28  Marine  
  52  6:30  Medivac, Siege Tank, SCV  
  52  6:31  Medivac  
  63  6:32  SCV  
  63  6:38  Armory  
  63  6:41  Marine, Terran Infantry Weapons Level 1  
  63  6:42  SCV, Orbital Command  
  63  6:44  Marine  
  63  6:45  Marine x2, SCV, Combat Shields  
  69  6:54  SCV  
  69  6:57  SCV  
  69  7:00  Marine  
  69  7:01  Supply Depot x2  
  72  7:02  Marine  
  72  7:04  Siege Tank  
  72  7:06  SCV  
  77  7:09  SCV  
  77  7:10  SCV  
  79  7:18  SCV  
  79  7:21  SCV  
  79  7:22  SCV  
  82  7:24  Supply Depot, Marine  
  82  7:25  Supply Depot  
  83  7:30  SCV  
  83  7:31  Marine x2, Medivac  
  83  7:32  Medivac  
  83  7:33  SCV  
  83  7:34  SCV  
  92  7:39  Barracks  
  92  7:40  Barracks  
  92  7:44  SCV  
  92  7:48  Sensor Tower  
  92  7:49  SCV x2  
  92  7:50  Terran Infantry Armor Level 2  
  95  7:51  Sensor Tower  
  95  7:56  SCV  
  95  7:57  Refinery  
  91  8:01  SCV x2  
  91  8:03  Refinery  
  91  8:04  Marine  
  91  8:05  Siege Tank  
  97  8:07  Marine  
  97  8:08  SCV  
  78  8:22  Marine  
  78  8:23  Marine x2  
  78  8:25  Marine  
  61  8:37  Siege Tank  
  61  8:40  Marine x3  
  65  8:46  Marine, SCV  
  65  8:47  Marine  
  67  8:58  Marine x2  
  67  9:04  Marine  
  67  9:07  Marine x2  
  68  9:11  Command Center  
  68  9:12  Medivac  
  68  9:16  Marine x2  
  72  9:22  Marine, Terran Infantry Weapons Level 2  
  71  9:24  Marine  
  72  9:31  SCV  
  72  9:32  SCV  
  72  9:36  Marine  
  76  9:47  Medivac  
  76  9:48  Medivac  
  76  9:51  Siege Tank  
  83  9:53  SCV  
  83  9:56  SCV  
  83  9:57  Barracks Reactor  
  83  9:58  Barracks Reactor  
  84  10:05  SCV  
  85  10:08  SCV  
  86  10:14  Barracks Reactor  
  86  10:18  SCV  
  86  10:20  SCV  
  88  10:24  Marine, Siege Tank  
  92  10:30  SCV  
  92  10:32  SCV  
  94  10:35  Orbital Command  
  94  10:41  Factory  
  94  10:42  SCV  
  95  10:44  SCV  
  96  10:52  Medivac x2  
  96  10:54  SCV  
  96  10:56  Marine, Siege Tank, SCV  
  106  10:59  Marine  
  106  11:00  Marine x6  
  106  11:02  SCV  
  114  11:06  SCV  
  114  11:14  Marine  
  114  11:16  SCV  
  114  11:17  Marine, SCV  
  114  11:18  Marine x5, SCV  
  122  11:19  Marine  
  124  11:28  SCV  
  124  11:29  SCV  
Tags
 
Add a new tag
Caveats
  • Supply blocks, unpowered buildings, or Contaminate may cause inaccurate times.
  • Supply counts are checked every 10 seconds.